 Dungeon Crawl Stone Soup version 0.28.0-53-g5a82cb258f (webtiles) character file.

Game seed: 1573545373147317792

270 gobodom the Chopper (level 6, 0/46 HPs)
             Began as a Demonspawn Gladiator on June 8, 2022.
             Slain by a gnoll
             ... wielding a +2 vorpal spear
              (8 damage)
             ... on level 5 of the Dungeon.
             The game lasted 00:20:44 (3507 turns).

gobodom the Chopper (Demonspawn Gladiator)          Turns: 3507, Time: 00:20:44

Health: 0/46       AC:  2    Str: 17    XL:     6   Next: 1%
Magic:  7/7        EV: 13    Int:  9    God:
Gold:   200        SH:  0    Dex: 14    Spells: 4/6 levels left

rFire   . . .      SeeInvis .   p - +0 dagger (drain)
rCold   . . .      Faith    .   (no shield)
rNeg    . . .      Spirit   .   q - +0 animal skin
rPois   .          Reflect  .   (helmet restricted)
rElec   .          Harm     .   h - scarf {repulsion}
rCorr   +          Rampage  .   (no gloves)
Will    .....                   (no boots)
Stlth   ++........              r - amulet of magic regeneration
HPRegen 0.15/turn               i - ring of resist corrosion
MPRegen 0.50/turn               (no ring)

@: repel missiles
A: horns 2, spiny 1
a: no special abilities


You were on level 5 of the Dungeon.
You visited 1 branch of the dungeon, and saw 5 of its levels.

You collected 200 gold pieces.

Inventory:

Hand Weapons
 a - a +0 war axe
 p - a +0 dagger of draining (weapon)
 z - a +1 antimagic hand axe
Armour
 h - a scarf of repulsion (worn)
 q - a +0 animal skin (worn)
Magical Staves
 x - a staff of fire
Jewellery
 d - an amulet of regeneration
 i - a ring of resist corrosion (left hand)
 r - an amulet of magic regeneration (around neck)
Scrolls
 e - a scroll of magic mapping
 j - a scroll of amnesia {unknown}
 o - a scroll of enchant weapon {unknown}
 v - 2 scrolls of vulnerability {unknown}
 w - a scroll of fog {unknown}
Potions
 c - a potion of brilliance
 f - a potion of berserk rage {unknown}
 k - a potion of attraction {unknown}
 l - a potion of mutation {unknown}
 m - a potion of ambrosia {unknown}
 n - a potion of haste {unknown}
 s - a potion of curing
 t - a potion of flight


   Skills:
 + Level 2.9 Fighting
 + Level 0.4 Short Blades
 + Level 4.2 Axes
 + Level 2.6 Throwing
 + Level 1.2 Armour
 + Level 3.3 Dodging
 + Level 1.2 Stealth
 + Level 0.6 Spellcasting
 + Level 0.4 Translocations


You had 4 spell levels left.
You knew the following spells:

 Your Spells              Type           Power      Damage    Failure   Level
a - Blink                 Tloc           2%         N/A       45%         2

Your spell library contained the following spells:

 Spells                   Type           Power      Damage    Failure   Level
 Lesser Beckoning         Tloc           1%         N/A       69%         3
 Manifold Assault         Tloc           1%         N/A       100%        5


Dungeon Overview and Level Annotations

Branches:
Dungeon (5/15)
 Temple: D:4-7

Altars:
Zin

Shops:
D:2 (

Annotations:
D:4 Pikel


Innate Abilities, Weirdness & Mutations

You have a pair of horns on your head.
You are partially covered in sharp spines.


Message History

You kill the gnoll!
You barely miss the gnoll.
The gnoll is lightly wounded.
The gnoll barely misses you.
You hit the gnoll but do no damage.
The gnoll is lightly wounded.
The gnoll barely misses you.
You hit the gnoll. Your headbutt misses the gnoll.
The gnoll is moderately wounded.
The gnoll closely misses you.
You hit the gnoll. You drain the gnoll. You headbutt the gnoll.
You kill the gnoll!
You have reached level 6!
Your demonic ancestry asserts itself...
The horns on your head grow some more.
You barely miss the gnoll. The gnoll hits you with a +0 flail.
The gnoll hits you from afar with a +2 vorpal spear.
You barely miss the gnoll. The gnoll hits you with a +0 flail!
The gnoll closely misses you.
You hit the gnoll but do no damage. The gnoll closely misses you.
The gnoll completely misses you.
You hit the gnoll but do no damage. Your headbutt misses the gnoll.
The gnoll is struck by your spines. The gnoll hits you with a +0 flail.
The gnoll hits you from afar with a +2 vorpal spear.
You hit the gnoll but do no damage. You drain the gnoll.
The gnoll is moderately wounded.
The gnoll hits you with a +0 flail.
* * * LOW HITPOINT WARNING * * *
The gnoll hits you from afar with a +2 vorpal spear.
* * * LOW HITPOINT WARNING * * *
x2 Unknown command.
As you read the scroll of identify, it crumbles to dust.
c - a potion of brilliance An orc comes into view.
It is wielding a +0 dagger.
The orc shouts!
The orc hits you but does no damage.
You hit the orc but do no damage. You drain the orc. You headbutt the orc.
You kill the orc!
The gnoll hits you from afar with a +2 vorpal spear!
You die...

#.# #.# ### #.# ..# #>#
#.# #<# #.# #.#
#.#####.#####
##############.#.........#
#......g.g.@)............#
#.##################.##..#
.#####.# #.# ..# ((..)..#
#.# .# .####### #.# . #.#
#. #.. ..


You could see 2 gnolls.

Vanquished Creatures
  A necrophage (D:3)
  A jelly (D:4)
  An orc wizard (D:4)
  Robin (D:2)
  2 gnolls (D:5)
  An adder (D:4)
  2 worms (D:2)
  3 dart slugs (D:1)
  4 orcs
  6 endoplasms
  4 giant cockroaches
  11 goblins
  7 hobgoblins
  2 jackals (D:1)
  4 quokkas
  9 ball pythons
  5 bats
  5 frilled lizards
  5 kobolds
  8 rats
82 creatures vanquished.

Notes
Turn   | Place    | Note
-------+----------+-------------------------------------------
     0 | D:1      | gobodom the Demonspawn Gladiator began the quest for the
                  | Orb.
     0 | D:1      | Reached XP level 1. HP: 16/16 MP: 1/1
   156 | D:1      | Found a faded altar of an unknown god.
   203 | D:1      | Reached skill level 3 in Axes
   257 | D:1      | Gained mutation: You are partially covered in sharp spines.
                  | [demonic ancestry]
   257 | D:1      | Reached XP level 2. HP: 10/22 MP: 2/2
   942 | D:1      | Gained mutation: You have a pair of small horns on your
                  | head. [demonic ancestry]
   942 | D:1      | Reached XP level 3. HP: 27/28 MP: 3/3
  1152 | D:2      | Found Fynoibb's Antique Weapon Emporium.
  1236 | D:2      | Learned a level 2 spell: Blink
  1374 | D:2      | Noticed Robin
  1400 | D:2      | Killed Robin
  1403 | D:2      | Reached XP level 4. HP: 13/34 MP: 4/4
  2562 | D:4      | Reached skill level 1 in Armour
  2797 | D:4      | Reached XP level 5. HP: 27/39 MP: 5/5
  2808 | D:4      | Reached skill level 4 in Axes
  2945 | D:4      | Noticed a lemure
  2947 | D:4      | Noticed a lemure
  2949 | D:4      | Noticed a lemure
  2969 | D:4      | Noticed a necrophage
  2988 | D:3      | Killed a necrophage
  2989 | D:3      | Reached skill level 1 in Stealth
  3064 | D:4      | Noticed Pikel
  3064 | D:4      | Noticed a lemure
  3234 | D:5      | Entered Level 5 of the Dungeon
  3489 | D:5      | Gained mutation: You have a pair of horns on your head.
                  | [demonic ancestry]
  3489 | D:5      | Reached XP level 6. HP: 46/46 MP: 7/7
  3507 | D:5      | Slain by a gnoll

Illustrated notes

Levels and vault maps discovered:
D:1:      lemuel_arrival_rhombus, layout_rooms,
          hellmonk_ecumenical_altar_crossroads, minivault_4, minivault_26,
          serial_bayou_lagoon_a, minmay_misc_feat_hallway, corner_web_ring,
          nicolae_figureground_sparkle
D:2:      layout_rooms, serial_shops, nicolae_shop_trees, uniq_robin
D:3:      layout_rooms, old_standard_altar
D:4:      layout_gridville, uniq_pikel
D:5:      layout_loops_ring, serial_shops, shop, minmay_misc_feat_tower,
          guppyfry_early_lair_pool

Skill      XL: |  1  2  3  4  5 |
---------------+----------------+-----
Axes           | 3 4 |  4.2
Dodging        | 3 |  3.3
Throwing       | 2 |  2.6
Armour         | 1 |  1.2
Stealth        | 1 |  1.2
Fighting       | |  2.9
Short Blades   | |  0.4
Spellcasting   | |  0.6
Translocations | |  0.4

Action                   |  1- 3 |  4- 6 || total
-------------------------+-------+-------++-------
Melee: War axe           |    83 |    16 ||    99
       Headbutt          |     3 |    18 ||    21
       Punch             |     3 |     1 ||     4
       Dagger            |       |    67 ||    67
Throw: Dart              |     6 |    15 ||    21
       Throwing net      |       |     6 ||     6
 Cast: Blink             |     1 |     1 ||     2
  Use: Scroll            |       |     5 ||     5
       Potion            |       |     3 ||     3
 Stab: Sleeping          |       |     2 ||     2
Armor: Leather armour    |    32 |     1 ||    33
       Animal skin       |       |     9 ||     9
Dodge: Dodged            |    86 |    53 ||   139
